[Event "CN Seniori 2012"]
[Site "Sarata Monteoru/Romania"]
[Date "2012.02.18"]
[Round "8.3"]
[White "Vajda, Levente"]
[Black "Berescu, Alin-Mile"]
[Result "1/2-1/2"]
[ECO "C11"]
[WhiteElo "2594"]
[BlackElo "2488"]
[Annotator "Robot 4"]
[PlyCount "63"]
[EventDate "2012.??.??"]
[TimeControl "40/5400+30:900+30"]

1. e4 e6 2. d4 d5 3. Nc3 Nf6 4. e5 Nfd7 5. f4 c5 6. Nf3 Nc6 7. Be3 a6 8. Qd2 b5
9. dxc5 Bxc5 10. Ne2 Qb6 11. Ned4 b4 12. O-O-O a5 13. Re1 Nxd4 14. Bxd4 O-O 15.
g4 f6 16. exf6 Nxf6 17. Bxf6 Rxf6 18. Bd3 b3 19. Kb1 bxa2+ 20. Ka1 Rb8 21. c3
Rxf4 22. Rhf1 Bd6 23. Qc2 h6 24. Nh4 Bd7 25. Bh7+ Kf7 26. Rxf4+ Bxf4 27. Rf1 g5
28. Ng6 Ba4 29. Nxf4 Bxc2 30. Nxd5+ Kg7 31. Nxb6 Bxh7 32. Nd7 1/2-1/2

[Event "CN Seniori 2012"]
[Site "Sarata Monteoru/Romania"]
[Date "2012.02.18"]
[Round "8.4"]
[White "Parligras, Mircea-Emilian"]
[Black "Cioara, Andrei-Nestor"]
[Result "0-1"]
[ECO "E43"]
[WhiteElo "2650"]
[BlackElo "2456"]
[Annotator "Robot 4"]
[PlyCount "48"]
[EventDate "2012.??.??"]
[TimeControl "40/5400+30:900+30"]

1. d4 Nf6 2. c4 e6 3. Nc3 Bb4 4. Nf3 b6 5. e3 Bb7 6. Bd3 Ne4 7. O-O f5 8. Qc2
Bxc3 9. bxc3 O-O 10. c5 Rf6 11. Ne1 Rh6 12. f3 Qh4 13. fxe4 Qxh2+ 14. Kf2 fxe4
15. Bc4 Nc6 16. Ke2 Na5 17. Bb3 bxc5 18. Kd2 d5 19. Qd1 Ba6 20. Rf4 g5 21. Qg4
Rg6 22. Rxe4 dxe4 23. Bxe6+ Kh8 24. Qf5 Qd6 0-1

[Event "CN Seniori 2012"]
[Site "Sarata Monteoru/Romania"]
[Date "2012.02.18"]
[Round "8.5"]
[White "Szabo, Gergely-Andras-Gyul"]
[Black "Doros, Radu-Marian"]
[Result "1/2-1/2"]
[ECO "A16"]
[WhiteElo "2554"]
[BlackElo "2338"]
[Annotator "Robot 4"]
[PlyCount "45"]
[EventDate "2012.??.??"]
[TimeControl "40/5400+30:900+30"]

1. c4 Nf6 2. Nf3 g6 3. Nc3 d5 4. cxd5 Nxd5 5. Qa4+ Nc6 6. Ne5 Qd6 7. Nxc6 Qxc6
8. Qxc6+ bxc6 9. g3 Bg7 10. Bg2 Be6 11. b3 O-O-O 12. Bb2 Nxc3 13. Bxc3 Bxc3 14.
dxc3 Rd6 15. Be4 Bd5 16. Bxd5 Rxd5 17. Rd1 Rhd8 18. Rxd5 cxd5 19. Kd2 Kd7 20.
Kc2 c5 21. Rd1 Kc6 22. e4 e6 23. exd5+ 1/2-1/2

[Event "CN Seniori 2012"]
[Site "Sarata Monteoru/Romania"]
[Date "2012.02.18"]
[Round "8.6"]
[White "Miron, Lucian-Costin"]
[Black "Stanciu, Alexandru-Ovidiu"]
[Result "1-0"]
[ECO "D02"]
[WhiteElo "2525"]
[BlackElo "2314"]
[Annotator "Robot 4"]
[PlyCount "81"]
[EventDate "2012.??.??"]
[TimeControl "40/5400+30:900+30"]

1. d4 Nf6 2. c4 g6 3. Nf3 Bg7 4. g3 d5 5. Bg2 O-O 6. O-O Nc6 7. Nbd2 a5 8. b3
a4 9. Bb2 Re8 10. bxa4 dxc4 11. Nxc4 Be6 12. Ne3 Ra5 13. Bc3 Ra6 14. Qc2 Bd5
15. Rfd1 Be4 16. Qb2 Rb6 17. Qd2 Nd5 18. Nxd5 Qxd5 19. Qf4 Nd8 20. Qxc7 Ra6 21.
Bb2 Ne6 22. Qc3 Rxa4 23. Qb3 Qxb3 24. axb3 Rb4 25. Ba3 Rb5 26. e3 Bc2 27. Rdc1
Bxb3 28. Rab1 Bc4 29. Nd2 Rxb1 30. Rxb1 Ba6 31. Bxb7 Bxb7 32. Rxb7 Bf8 33. d5
Ng7 34. Ne4 f5 35. Ng5 h6 36. Nf3 Rd8 37. Ne5 Kh7 38. Rb6 e6 39. Bxf8 Rxf8 40.
d6 Rd8 41. d7 1-0

[Event "CN Seniori 2012"]
[Site "Sarata Monteoru/Romania"]
[Date "2012.02.18"]
[Round "8.7"]
[White "Filip, Lucian"]
[Black "Spulber, Cicirone"]
[Result "1-0"]
[ECO "E01"]
[WhiteElo "2490"]
[BlackElo "2244"]
[Annotator "Robot 4"]
[PlyCount "81"]
[EventDate "2012.??.??"]
[TimeControl "40/5400+30:900+30"]

1. Nf3 d5 2. d4 Nf6 3. c4 c6 4. Nc3 e6 5. g3 Nbd7 6. Bg2 Bd6 7. O-O O-O 8. Nd2
dxc4 9. Nxc4 Bc7 10. f4 Nb6 11. Ne5 Qe7 12. Qc2 Rd8 13. Rd1 Bd7 14. Be3 Be8 15.
Bf2 Rac8 16. h3 Nfd7 17. Nd3 Nd5 18. Qb3 Nxc3 19. bxc3 Rb8 20. a4 a5 21. c4 c5
22. d5 exd5 23. cxd5 Qxe2 24. Re1 Qh5 25. Nxc5 Bb6 26. Rxe8+ Rxe8 27. Nxd7
Bxf2+ 28. Kxf2 Qe2+ 29. Kg1 Rbc8 30. Ne5 Rc2 31. Qf3 Qd2 32. Rd1 Rc1 33. Rxc1
Qxc1+ 34. Kh2 f6 35. d6 fxe5 36. d7 Rd8 37. Qd5+ Kh8 38. Qf7 Qc5 39. Qe8+ Qf8
40. Qxf8+ Rxf8 41. fxe5 1-0

[Event "CN Seniori 2012"]
[Site "Sarata Monteoru/Romania"]
[Date "2012.02.18"]
[Round "8.8"]
[White "Dumitrache, Dragos-Nicolae"]
[Black "Martian, Dragos-Daniel"]
[Result "0-1"]
[ECO "E18"]
[WhiteElo "2460"]
[BlackElo "2074"]
[Annotator "Robot 4"]
[PlyCount "58"]
[EventDate "2012.??.??"]
[TimeControl "40/5400+30:900+30"]

1. Nf3 Nf6 2. g3 b6 3. Bg2 Bb7 4. O-O e6 5. c4 Be7 6. Nc3 O-O 7. d4 d5 8. Ne5
c5 9. dxc5 bxc5 10. cxd5 exd5 11. Bg5 Na6 12. Nc4 Rb8 13. Bxf6 Bxf6 14. Bxd5
Bxd5 15. Qxd5 Rb4 16. Rac1 Qe7 17. Rfd1 Nc7 18. Qe4 Qxe4 19. Nxe4 Bxb2 20. Rc2
Bf6 21. Nxc5 Rc8 22. Nd3 Rd8 23. Na5 Rb5 24. Nc6 Ra8 25. Rdc1 Ne6 26. Nd4 Bxd4
27. Rc8+ Rxc8 28. Rxc8+ Nf8 29. e3 Bf6 0-1

[Event "CN Seniori 2012"]
[Site "Sarata Monteoru/Romania"]
[Date "2012.02.18"]
[Round "8.9"]
[White "Anton, Teodor"]
[Black "Gilea, Lucian"]
[Result "1-0"]
[ECO "E17"]
[WhiteElo "2393"]
[BlackElo "2261"]
[Annotator "Robot 4"]
[PlyCount "125"]
[EventDate "2012.??.??"]
[TimeControl "40/5400+30:900+30"]

1. Nf3 Nf6 2. c4 e6 3. g3 b6 4. Bg2 Bb7 5. O-O Be7 6. Nc3 O-O 7. Re1 d5 8. cxd5
exd5 9. d4 Ne4 10. Bf4 Nxc3 11. bxc3 Nd7 12. Ne5 Nxe5 13. dxe5 Bc5 14. c4 c6
15. cxd5 cxd5 16. Qd3 Qd7 17. Be4 g6 18. h4 Rad8 19. Bf3 Rfe8 20. Kg2 Bc8 21.
Rh1 Qf5 22. Qd2 h5 23. Rad1 Kh7 24. Qb2 d4 25. Rd2 Be6 26. Rhd1 Qh3+ 27. Kg1
Bd5 28. Bxd5 Rxd5 29. Qb3 Red8 30. Rd3 Kg8 31. Rf3 Qe6 32. Kg2 Be7 33. Rfd3 Ra5
34. R1d2 Qc6+ 35. Kh2 Ra3 36. Qc2 Rc3 37. Qb2 Qc4 38. Qb1 Kh7 39. Kg2 Qc6+ 40.
f3 Qc4 41. Bg5 Bxg5 42. hxg5 Rd5 43. f4 Qc6 44. Kf2 Rb5 45. Qf1 Rxd3 46. Rxd3
Qc4 47. Qa1 Rd5 48. Qh1 Kg8 49. Qe4 Rd8 50. a3 Qc5 51. e6 Kf8 52. exf7 Kxf7 53.
Qb7+ Kg8 54. Qxa7 h4 55. Qa4 h3 56. Qb3+ Rd5 57. e4 dxe3+ 58. Ke2 Kh7 59. Rxd5
Qc6 60. Qd3 h2 61. Rd7+ Kg8 62. Rd8+ Kf7 63. Qd7+ 1-0

[Event "CN Seniori 2012"]
[Site "Sarata Monteoru/Romania"]
[Date "2012.02.18"]
[Round "8.10"]
[White "Mosnegutu, Klauss"]
[Black "Manea, Alexandru"]
[Result "0-1"]
[ECO "D35"]
[WhiteElo "2246"]
[BlackElo "2429"]
[Annotator "Robot 4"]
[PlyCount "74"]
[EventDate "2012.??.??"]
[TimeControl "40/5400+30:900+30"]

1. d4 Nf6 2. c4 e6 3. e3 d5 4. Nc3 a6 5. a3 dxc4 6. Bxc4 c5 7. dxc5 Qxd1+ 8.
Nxd1 Bxc5 9. b4 Ba7 10. Bb2 Nbd7 11. f3 Nb6 12. Bb3 Bd7 13. Bd4 Nbd5 14. Bxa7
Rxa7 15. Ne2 a5 16. e4 Nb6 17. Ra2 Ke7 18. Ndc3 Rc8 19. b5 Raa8 20. a4 e5 21.
Kf2 Be6 22. Bxe6 Kxe6 23. Rd1 Rd8 24. g4 Rxd1 25. Nxd1 Nfd7 26. Ne3 Rc8 27. Rd2
g6 28. f4 Nxa4 29. Nd5 f6 30. f5+ Kf7 31. Kf3 Rc5 32. Ndc3 Nab6 33. Rd6 Rc7 34.
h4 a4 35. g5 a3 36. Kg4 Nc4 37. Rd1 Ne3+ 0-1

[Event "CN Seniori 2012"]
[Site "Sarata Monteoru/Romania"]
[Date "2012.02.18"]
[Round "8.11"]
[White "Baratosi, Daniel"]
[Black "Prodileanu, Adrian"]
[Result "1-0"]
[ECO "B18"]
[WhiteElo "2418"]
[BlackElo "2204"]
[Annotator "Robot 4"]
[PlyCount "43"]
[EventDate "2012.??.??"]
[TimeControl "40/5400+30:900+30"]

1. e4 c6 2. d4 d5 3. Nc3 dxe4 4. Nxe4 Bf5 5. Ng3 Bg6 6. Nh3 e6 7. Nf4 Bd6 8. c3
Nf6 9. h4 Bxf4 10. Bxf4 h6 11. h5 Bh7 12. Qb3 Qb6 13. Qa3 Nbd7 14. Bd6 O-O-O
15. Be2 a6 16. O-O Rde8 17. Rfd1 e5 18. c4 exd4 19. c5 Qa7 20. Rxd4 Nd5 21. Bg4
Kd8 22. b4 1-0

[Event "CN Seniori 2012"]
[Site "Sarata Monteoru/Romania"]
[Date "2012.02.18"]
[Round "8.12"]
[White "Georgescu, Tiberiu-Marian"]
[Black "Stegariu, Alexandru"]
[Result "1-0"]
[ECO "A24"]
[WhiteElo "2415"]
[BlackElo "2122"]
[Annotator "Robot 4"]
[PlyCount "63"]
[EventDate "2012.??.??"]
[TimeControl "40/5400+30:900+30"]

1. c4 Nf6 2. g3 g6 3. Nc3 Bg7 4. Bg2 O-O 5. e4 d6 6. Nge2 e5 7. O-O c6 8. d3 a6
9. h3 Nbd7 10. Be3 b5 11. a3 Bb7 12. f4 Qe7 13. f5 Ne8 14. b4 Nc7 15. g4 f6 16.
a4 Kh8 17. Qd2 a5 18. bxa5 b4 19. Nb5 cxb5 20. axb5 Nc5 21. Rfb1 Rfb8 22. Rxb4
Bc8 23. Nc3 Bd7 24. Rbb1 Qe8 25. Kh1 Bf8 26. d4 exd4 27. Bxd4 Qf7 28. b6 N7a6
29. Nd5 Bg7 30. Qf4 Bc6 31. Qxd6 Bxd5 32. exd5 1-0

[Event "CN Seniori 2012"]
[Site "Sarata Monteoru/Romania"]
[Date "2012.02.18"]
[Round "8.13"]
[White "Telea, Stefan"]
[Black "Petrisor, Adrian-Marian"]
[Result "1/2-1/2"]
[ECO "D77"]
[WhiteElo "2112"]
[BlackElo "2385"]
[Annotator "Robot 4"]
[PlyCount "74"]
[EventDate "2012.??.??"]
[TimeControl "40/5400+30:900+30"]

1. Nf3 Nf6 2. c4 g6 3. g3 Bg7 4. Bg2 O-O 5. O-O d5 6. d4 dxc4 7. Qc2 a6 8. Qxc4
b5 9. Qc2 Bb7 10. Nc3 Nbd7 11. b4 Nb6 12. a4 Nfd5 13. axb5 Nxc3 14. Qxc3 axb5
15. Rxa8 Bxa8 16. Qc5 Qd7 17. Bf4 Rc8 18. Ne5 Bxe5 19. Bxe5 Bxg2 20. Kxg2 f6
21. Bf4 Na4 22. Qa7 g5 23. Be3 Qc6+ 24. f3 Qc4 25. Qb7 Rd8 26. Qe4 Qxb4 27. Rc1
Qd6 28. Rc6 Qd7 29. Qc2 Nb6 30. Rxc7 Qe6 31. Qe4 Nc4 32. Bf2 Kf7 33. d5 Ke8 34.
Bc5 Rd7 35. Rc8+ Rd8 36. Rc7 Rd7 37. Rc8+ Rd8 1/2-1/2

[Event "CN Seniori 2012"]
[Site "Sarata Monteoru/Romania"]
[Date "2012.02.18"]
[Round "8.14"]
[White "Daianu, Cristian-Clement"]
[Black "Balla, Tamas-Kristof"]
[Result "0-1"]
[ECO "B06"]
[WhiteElo "2242"]
[BlackElo "2377"]
[Annotator "Robot 4"]
[PlyCount "174"]
[EventDate "2012.??.??"]
[TimeControl "40/5400+30:900+30"]

1. e4 g6 2. d4 Bg7 3. Nc3 d6 4. Be3 a6 5. Be2 Nd7 6. h4 h6 7. Qd2 b5 8. a3 Bb7
9. Nf3 Ngf6 10. e5 Ng4 11. e6 fxe6 12. Qd3 Nf8 13. O-O-O Qd7 14. Nd2 Nxe3 15.
fxe3 Bxg2 16. Rhg1 Bb7 17. Rxg6 Bf6 18. Rgg1 O-O-O 19. Bf3 c6 20. Rh1 Rg8 21.
Kb1 Rg7 22. Nb3 Qc7 23. e4 Ng6 24. Rdg1 e5 25. d5 Nf4 26. Qe3 Rxg1+ 27. Rxg1
Kb8 28. h5 Bg5 29. Qe1 cxd5 30. Nxd5 Nxd5 31. exd5 e6 32. Qd1 Rf8 33. Rg3 e4
34. Bxe4 Qc4 35. Bg2 Bxd5 36. Rc3 Qf4 37. Bxd5 Qf1 38. Rd3 Qxd1+ 39. Rxd1 exd5
40. Rxd5 Rf1+ 41. Ka2 Kc7 42. Nd4 Rh1 43. Nf5 Bf4 44. a4 Rxh5 45. axb5 axb5 46.
Rxb5 Rh2 47. Rb4 Rf2 48. Kb3 Bc1 49. Ng7 Rg2 50. Nh5 Rh2 51. Rb5 Kc6 52. Rf5
Kd7 53. Ng7 Rg2 54. Rf7+ Kc6 55. Nf5 Kd5 56. Rh7 Rh2 57. Re7 h5 58. Re1 Bf4 59.
Ne7+ Kc5 60. Ng6 Bg3 61. Re3 h4 62. Kc3 Rg2 63. b4+ Kb5 64. Nxh4 Bxh4 65. Kb3
Rg4 66. c3 Bf6 67. Re8 Rg3 68. Rc8 Kb6 69. Kc2 Be5 70. Kd2 Rg2+ 71. Kd3 Kb5 72.
Ke4 Ka4 73. Kd5 Rd2+ 74. Kc6 Rd3 75. Ra8+ Kb3 76. b5 Rxc3+ 77. Kd7 Bg3 78. b6
d5 79. Rg8 d4 80. Ke6 Kc4 81. Rc8+ Kd3 82. Rg8 Ke4 83. b7 Rb3 84. Rxg3 Rb6+ 85.
Kd7 Rxb7+ 86. Kc6 Rf7 87. Kc5 d3 0-1

[Event "CN Seniori 2012"]
[Site "Sarata Monteoru/Romania"]
[Date "2012.02.18"]
[Round "8.15"]
[White "Miroiu, George-Catalin"]
[Black "Bida, Mihai-Eugen"]
[Result "1-0"]
[ECO "A13"]
[WhiteElo "2342"]
[BlackElo "2183"]
[Annotator "Robot 4"]
[PlyCount "83"]
[EventDate "2012.??.??"]
[TimeControl "40/5400+30:900+30"]

1. Nf3 Nf6 2. g3 d5 3. Bg2 e6 4. O-O c5 5. c4 d4 6. a3 Nc6 7. d3 e5 8. b4 Bd6
9. e3 O-O 10. exd4 exd4 11. bxc5 Bxc5 12. Nbd2 a5 13. Ng5 Bf5 14. Nde4 Nxe4 15.
Nxe4 Be7 16. Rb1 Rb8 17. Bf4 Bxe4 18. Bxe4 Bd6 19. Qf3 Qc7 20. Rb5 Bxf4 21.
Qxf4 Qxf4 22. gxf4 Rfc8 23. Rfb1 Rc7 24. Bxc6 Rxc6 25. Rxb7 Re8 26. Rb8 Rce6
27. Rxe8+ Rxe8 28. Rb5 Re1+ 29. Kg2 g6 30. Kf3 a4 31. Rb4 f5 32. Rxa4 Rc1 33.
c5 Rxc5 34. Rxd4 Rc3 35. a4 Ra3 36. Ke3 Ra1 37. Rb4 Kg7 38. Kd4 Kh6 39. Kc5 Kh5
40. Kb6 Kg4 41. a5 Ra3 42. d4 1-0

[Event "CN Seniori 2012"]
[Site "Sarata Monteoru/Romania"]
[Date "2012.02.18"]
[Round "8.16"]
[White "Lupascu, Matei-Alexandru"]
[Black "Pop, Alexandru"]
[Result "0-1"]
[ECO "D93"]
[WhiteElo "1979"]
[BlackElo "2254"]
[Annotator "Robot 4"]
[PlyCount "96"]
[EventDate "2012.??.??"]
[TimeControl "40/5400+30:900+30"]

1. d4 Nf6 2. c4 g6 3. Nc3 d5 4. Nf3 Bg7 5. Bf4 O-O 6. e3 c5 7. dxc5 Qa5 8. Rc1
dxc4 9. Bxc4 Nc6 10. O-O Qxc5 11. Bb3 Qa5 12. h3 Bf5 13. Qe2 Ne4 14. Nxe4 Bxe4
15. Nd2 Bd5 16. Nc4 Qa6 17. Qc2 Rac8 18. Qb1 Nb4 19. Na3 Bxb3 20. axb3 Qd3 21.
Rxc8 Rxc8 22. Qxd3 Nxd3 23. Rd1 Rc1 24. Rxc1 Nxc1 25. b4 Bxb2 26. Nc4 Bc3 27.
b5 f6 28. Bc7 Nb3 29. g4 a6 30. bxa6 bxa6 31. Kf1 Nd2+ 32. Nxd2 Bxd2 33. Ke2
Bb4 34. e4 Kf7 35. Kd3 Ke6 36. f4 Kd7 37. Bb6 Kc6 38. Bd4 Kb5 39. f5 Be1 40.
fxg6 hxg6 41. e5 f5 42. gxf5 gxf5 43. Ke3 Kc4 44. Ba1 e6 45. Kf4 Bh4 46. Bb2 a5
47. Ba3 Kb3 48. Bf8 a4 0-1

[Event "CN Seniori 2012"]
[Site "Sarata Monteoru/Romania"]
[Date "2012.02.18"]
[Round "8.17"]
[White "Bonte, Andrei-Mihai"]
[Black "Tufa, Mihai"]
[Result "1-0"]
[ECO "D45"]
[WhiteElo "2380"]
[BlackElo "2044"]
[Annotator "Robot 4"]
[PlyCount "81"]
[EventDate "2012.??.??"]
[TimeControl "40/5400+30:900+30"]

1. d4 Nf6 2. Nf3 d5 3. c4 c6 4. Nc3 e6 5. e3 Bd6 6. Be2 Nbd7 7. O-O dxc4 8. e4
e5 9. dxe5 Nxe5 10. Nxe5 Bxe5 11. Qxd8+ Kxd8 12. Bxc4 Be6 13. Bxe6 fxe6 14. f3
Ke7 15. Be3 Rhd8 16. Rfd1 b6 17. a4 Rxd1+ 18. Nxd1 Bc7 19. Rc1 Rc8 20. g3 Bd6
21. Bd4 e5 22. Bf2 Nd7 23. Ne3 g6 24. Nc4 Bb4 25. Ne3 Nc5 26. Rc4 Bd2 27. Nf1
Bh6 28. Bxc5+ bxc5 29. Rxc5 Kd6 30. Rc3 Rb8 31. b3 c5 32. Rd3+ Kc6 33. h4 Rb4
34. Nh2 c4 35. bxc4 Rxc4 36. Ng4 Bg7 37. Rd8 Rd4 38. Rg8 Rd7 39. Re8 Rf7 40.
Kg2 Kd7 41. Rxe5 1-0

[Event "CN Seniori 2012"]
[Site "Sarata Monteoru/Romania"]
[Date "2012.02.18"]
[Round "8.18"]
[White "Tomici, Stefan"]
[Black "Dragomirescu, Robin-Alexandru"]
[Result "0-1"]
[ECO "C54"]
[WhiteElo "2147"]
[BlackElo "2340"]
[Annotator "Robot 4"]
[PlyCount "102"]
[EventDate "2012.??.??"]
[TimeControl "40/5400+30:900+30"]

1. e4 e5 2. Nf3 Nc6 3. Bc4 Bc5 4. c3 Nf6 5. d4 exd4 6. e5 d5 7. Bb5 Ne4 8. cxd4
Bb6 9. Nc3 O-O 10. Be3 f5 11. exf6 Nxf6 12. Bxc6 bxc6 13. Ne5 Qd6 14. O-O Nd7
15. Nxd7 Bxd7 16. Rc1 Qg6 17. Ne2 Rae8 18. Ng3 Re6 19. b4 a5 20. a3 axb4 21.
axb4 Qf7 22. Ra1 Rg6 23. Ra3 Rg4 24. Qd2 Qf6 25. f3 Rxd4 26. Bxd4 Bxd4+ 27. Kh1
Be5 28. Ne2 Bd6 29. Rb3 Re8 30. Rbb1 Re5 31. f4 Rh5 32. Qc3 Qh6 33. Qg3 Bf5 34.
Rb3 Be4 35. Nd4 Rh4 36. Ne6 Rxh2+ 37. Qxh2 Qxe6 38. Qg3 Qh6+ 39. Qh2 Qe6 40.
Qh5 d4 41. Rb2 d3 42. Kg1 h6 43. Rff2 Bf5 44. Kf1 Qc4 45. Kg1 Qe6 46. Kf1 Kh7
47. Qd1 Qc4 48. Qd2 c5 49. bxc5 Bxc5 50. Rb1 Qd4 51. Ke1 Bg4 0-1

[Event "CN Seniori 2012"]
[Site "Sarata Monteoru/Romania"]
[Date "2012.02.19"]
[Round "9.1"]
[White "Cioara, Andrei-Nestor"]
[Black "Manolache, Marius"]
[Result "1/2-1/2"]
[ECO "E62"]
[WhiteElo "2456"]
[BlackElo "2552"]
[PlyCount "103"]
[EventDate "2012.??.??"]
[TimeControl "40/5400+30:900+30"]

1. d4 Nf6 2. c4 d6 3. Nc3 g6 4. g3 Bg7 5. Bg2 c6 6. Nf3 a6 7. a4 a5 8. O-O O-O
9. h3 Na6 10. e4 Nb4 11. Bg5 d5 12. cxd5 cxd5 13. e5 Ne4 14. Be3 f6 15. exf6
exf6 16. Qb3 Kh8 17. Nd2 Nd6 18. Na2 Nxa2 19. Qxa2 Nf5 20. Qxd5 Qxd5 21. Bxd5
Nxe3 22. fxe3 Bxh3 23. Rfc1 Rfe8 24. Kf2 Bh6 25. Ra3 Bf8 26. Rd3 Rab8 27. Rh1
Bd7 28. Bf7 Re7 29. Bxg6 Bxa4 30. b3 Bb5 31. Rc3 Rg7 32. Bf5 Bb4 33. Rc2 Rd8
34. Nf3 Bd6 35. g4 a4 36. bxa4 Bxa4 37. Rc4 Bb5 38. Rc3 Ra8 39. Rc2 Re7 40. e4
Bd3 41. e5 Bxc2 42. exd6 Bxf5 43. dxe7 Bd7 44. d5 Kg8 45. g5 Kg7 46. gxf6+ Kxf6
47. Rxh7 b5 48. d6 b4 49. Rh6+ Kf5 50. Rh5+ Ke6 51. Ne5 Kxd6 52. Nf3 1/2-1/2

[Event "CN Seniori 2012"]
[Site "Sarata Monteoru/Romania"]
[Date "2012.02.19"]
[Round "9.2"]
[White "Nevednichy, Vladislav"]
[Black "Lupulescu, Constantin"]
[Result "1/2-1/2"]
[ECO "B51"]
[WhiteElo "2546"]
[BlackElo "2648"]
[PlyCount "52"]
[EventDate "2012.??.??"]
[TimeControl "40/5400+30:900+30"]

1. e4 c5 2. Nf3 d6 3. Bb5+ Nd7 4. d4 cxd4 5. Qxd4 a6 6. Bxd7+ Bxd7 7. O-O Rc8
8. Nc3 e5 9. Qa7 Bc6 10. Rd1 Qc7 11. Qe3 b5 12. a3 Be7 13. Qe2 h6 14. Rd3 Nf6
15. Nh4 g6 16. Nf3 Qb7 17. Nd2 Kf8 18. b3 Kg7 19. Bb2 Rc7 20. Rf1 g5 21. Rg3
Kf8 22. h4 Rg8 23. hxg5 hxg5 24. Re1 Bd7 25. Nf1 g4 26. Rd3 Be6 1/2-1/2

[Event "CN Seniori 2012"]
[Site "Sarata Monteoru/Romania"]
[Date "2012.02.19"]
[Round "9.3"]
[White "Martian, Dragos-Daniel"]
[Black "Vajda, Levente"]
[Result "0-1"]
[ECO "C41"]
[WhiteElo "2074"]
[BlackElo "2594"]
[PlyCount "60"]
[EventDate "2012.??.??"]
[TimeControl "40/5400+30:900+30"]

1. e4 e5 2. Nf3 d6 3. d4 exd4 4. Nxd4 Nf6 5. Nc3 Be7 6. Bc4 O-O 7. Bb3 Na6 8.
O-O Nc5 9. Re1 Re8 10. h3 h6 11. f4 Bf8 12. Qf3 c6 13. Bd2 Re7 14. Re2 Nxb3 15.
Nxb3 Be6 16. Rd1 Bc4 17. Ree1 b5 18. e5 dxe5 19. fxe5 Nd5 20. Qg3 Re6 21. Be3
Qc7 22. Bc5 Rg6 23. Qf3 b4 24. Na4 Nb6 25. Bxf8 Rxf8 26. Nxb6 axb6 27. Rd2 Bd5
28. Qe3 Re8 29. Nd4 Rg5 30. Nf3 Bxf3 0-1

[Event "CN Seniori 2012"]
[Site "Sarata Monteoru/Romania"]
[Date "2012.02.19"]
[Round "9.4"]
[White "Berescu, Alin-Mile"]
[Black "Miron, Lucian-Costin"]
[Result "1/2-1/2"]
[ECO "A14"]
[WhiteElo "2488"]
[BlackElo "2525"]
[PlyCount "53"]
[EventDate "2012.??.??"]
[TimeControl "40/5400+30:900+30"]

1. c4 e6 2. g3 d5 3. Bg2 Nf6 4. Nf3 c6 5. O-O Be7 6. b3 a5 7. Qc2 O-O 8. Bb2 a4
9. bxa4 Nbd7 10. cxd5 exd5 11. Nc3 Nb6 12. e3 Nfd7 13. Rab1 Nc5 14. Ba3 Ncxa4
15. Nxa4 Nxa4 16. Bxe7 Qxe7 17. Rfc1 Qd8 18. Rb4 Nb6 19. d3 Ra5 20. Nd4 Nd7 21.
Nb3 Ra7 22. a4 Qe7 23. Qc3 Ne5 24. Nc5 Nd7 25. Nb3 Ne5 26. Nc5 Nd7 27. Nb3
1/2-1/2

[Event "CN Seniori 2012"]
[Site "Sarata Monteoru/Romania"]
[Date "2012.02.19"]
[Round "9.5"]
[White "Jianu, Vlad-Cristian"]
[Black "Filip, Lucian"]
[Result "1/2-1/2"]
[ECO "A11"]
[WhiteElo "2508"]
[BlackElo "2490"]
[PlyCount "27"]
[EventDate "2012.??.??"]
[TimeControl "40/5400+30:900+30"]

1. c4 Nf6 2. g3 c6 3. Bg2 d5 4. Nf3 Bg4 5. Ne5 Be6 6. cxd5 Bxd5 7. Nf3 c5 8.
Nc3 Bc6 9. O-O e6 10. Qc2 Nbd7 11. b3 Be7 12. Bb2 O-O 13. Rfd1 Rc8 14. Rac1
1/2-1/2

[Event "CN Seniori 2012"]
[Site "Sarata Monteoru/Romania"]
[Date "2012.02.19"]
[Round "9.6"]
[White "Manea, Alexandru"]
[Black "Anton, Teodor"]
[Result "1-0"]
[ECO "A37"]
[WhiteElo "2429"]
[BlackElo "2393"]
[PlyCount "130"]
[EventDate "2012.??.??"]
[TimeControl "40/5400+30:900+30"]

1. c4 g6 2. Nc3 Bg7 3. Nf3 c5 4. g3 Nc6 5. Bg2 e5 6. O-O Nge7 7. Ne1 O-O 8. Nc2
d6 9. a3 Be6 10. Ne3 a5 11. Rb1 f5 12. d3 h6 13. Ned5 Rb8 14. Bd2 g5 15. b4
axb4 16. axb4 cxb4 17. Nxe7+ Qxe7 18. Nd5 Qf7 19. Nxb4 Ne7 20. Nc2 d5 21. cxd5
Nxd5 22. Ne3 f4 23. Nxd5 Bxd5 24. Bxd5 Qxd5 25. Qb3 Qxb3 26. Rxb3 Rfc8 27. Rc1
Rxc1+ 28. Bxc1 b5 29. Kg2 Kf7 30. Ba3 fxg3 31. Kxg3 h5 32. Kf3 Ke6 33. Ke4 g4
34. Bc5 h4 35. Rb1 Bf8 36. Bxf8 Rxf8 37. Ke3 Rb8 38. Rb4 Kf5 39. h3 Rg8 40.
hxg4+ Rxg4 41. Rxb5 h3 42. Rb1 Kg5 43. Kf3 Kh4 44. Rb8 Rf4+ 45. Ke3 Rf5 46.
Rh8+ Kg4 47. Rg8+ Kh4 48. Rh8+ Kg4 49. Rh7 Rf6 50. Rg7+ Kh5 51. Rh7+ Kg4 52.
Rh8 Rf5 53. Rh6 Rf8 54. Rg6+ Kh4 55. Rg7 Rf5 56. Rh7+ Kg4 57. Rh8 Rg5 58. Ke4
Rg7 59. Ke3 Rg5 60. Ke4 Rg7 61. Rh6 Rg8 62. Rh7 Rf8 63. Rg7+ Kh4 64. Ke3 Rh8
65. Kf3 Rf8+ 1-0

[Event "CN Seniori 2012"]
[Site "Sarata Monteoru/Romania"]
[Date "2012.02.19"]
[Round "9.7"]
[White "Balla, Tamas-Kristof"]
[Black "Szabo, Gergely-Andras-Gyul"]
[Result "1/2-1/2"]
[ECO "E32"]
[WhiteElo "2377"]
[BlackElo "2554"]
[PlyCount "52"]
[EventDate "2012.??.??"]
[TimeControl "40/5400+30:900+30"]

1. d4 Nf6 2. c4 e6 3. Nc3 Bb4 4. Qc2 O-O 5. a3 Bxc3+ 6. Qxc3 b5 7. cxb5 c6 8.
Qd3 cxb5 9. e4 Bb7 10. f3 Nc6 11. Ne2 b4 12. Be3 a5 13. Qd2 bxa3 14. Rxa3 d5
15. e5 Nd7 16. b3 Qe7 17. Ra1 Rfc8 18. Rc1 Qa3 19. Nc3 Nb4 20. Rb1 Bc6 21. Be2
a4 22. Bd1 Nb6 23. O-O Be8 24. Bg5 axb3 25. Rxb3 Qa5 26. Nb1 Bb5 1/2-1/2

[Event "CN Seniori 2012"]
[Site "Sarata Monteoru/Romania"]
[Date "2012.02.19"]
[Round "9.8"]
[White "Doros, Radu-Marian"]
[Black "Baratosi, Daniel"]
[Result "1-0"]
[ECO "E05"]
[WhiteElo "2338"]
[BlackElo "2418"]
[PlyCount "93"]
[EventDate "2012.??.??"]
[TimeControl "40/5400+30:900+30"]

1. d4 Nf6 2. c4 e6 3. g3 d5 4. Nf3 Be7 5. Bg2 O-O 6. O-O dxc4 7. Qc2 a6 8. a4
Bd7 9. Qxc4 Bc6 10. Bf4 a5 11. Nc3 Na6 12. Rac1 Bxf3 13. Bxf3 c6 14. e4 Nb4 15.
Be3 Nd7 16. Bg2 Rc8 17. Rfd1 Bd6 18. Qe2 Re8 19. h4 Bf8 20. h5 Kh8 21. f4 f5
22. Bh3 Qf6 23. e5 Qf7 24. g4 Nb6 25. Kh1 Rcd8 26. Rg1 N6d5 27. Bd2 fxg4 28.
Qxg4 Ne7 29. Qxe6 Qxe6 30. Bxe6 Rxd4 31. Be3 Rd3 32. Bb6 Nc8 33. Bxc8 Rxc8 34.
Rcd1 Rh3+ 35. Kg2 Rxh5 36. Rd7 Re8 37. Rgd1 Kg8 38. Rd8 Rxd8 39. Rxd8 Kf7 40.
Bxa5 Nc2 41. Ne4 Ne3+ 42. Kf3 Nc4 43. Bc3 Be7 44. Rd7 Ke6 45. Rxb7 Rh3+ 46. Ng3
g6 47. Ke4 1-0

[Event "CN Seniori 2012"]
[Site "Sarata Monteoru/Romania"]
[Date "2012.02.19"]
[Round "9.9"]
[White "Pop, Alexandru"]
[Black "Georgescu, Tiberiu-Marian"]
[Result "1-0"]
[ECO "B90"]
[WhiteElo "2254"]
[BlackElo "2415"]
[PlyCount "77"]
[EventDate "2012.??.??"]
[TimeControl "40/5400+30:900+30"]

1. Nf3 c5 2. e4 d6 3. d4 cxd4 4. Nxd4 Nf6 5. Nc3 a6 6. f3 e5 7. Nb3 Be6 8. Be3
h5 9. Qd2 Nbd7 10. O-O-O Rc8 11. Kb1 b5 12. Nd5 Bxd5 13. exd5 Nb6 14. Bxb6 Qxb6
15. Bd3 g6 16. Rhe1 Bh6 17. Qa5 Nd7 18. a4 Qxa5 19. Nxa5 bxa4 20. Nb7 Ke7 21.
Re4 Rc7 22. Na5 Nc5 23. Rb4 f5 24. c3 Kf6 25. Bc2 Re8 26. Bxa4 Nxa4 27. Rxa4 e4
28. fxe4 Rxe4 29. c4 Re2 30. Nc6 Rxg2 31. c5 Bf8 32. Rxa6 Rb7 33. Rb6 Rc7 34.
Nb8 Rc8 35. cxd6 Rd8 36. d7+ Kf7 37. Rb7 Be7 38. Nc6 f4 39. d6 1-0